 Dungeon Crawl Stone Soup version 0.30-a0-719-gcc4359ea44 (webtiles) character file.

Game seed: 11749711646813308375

707 hikkokomori the Trooper (level 7, -3/39 HPs)
             Began as a Vine Stalker Fighter on Jan 27, 2023.
             Slain by a gnoll bouda
             ... wielding a +0 whip
              (6 damage)
             ... on level 4 of the Dungeon.
             The game lasted 00:07:12 (3584 turns).

hikkokomori the Trooper (Vine Stalker Fighter)      Turns: 3584, Time: 00:07:12

Health: -3/39      AC:  6    Str: 20    XL:     7   Next: 67%
Magic:  0/8        EV: 10    Int: 10    God:
Gold:   214        SH:  5    Dex: 16    Spells: 6/6 levels left

rFire   . . .      SeeInvis .    l - +0 whip (pain)
rCold   . . .      Faith    .    c - +0 buckler
rNeg    . . .      Spirit   +    k - +0 ring mail "Bosaphan" {Rampage Int+2 Dex+2}
rPois   .          Reflect  .    (no helmet)
rElec   .          Harm     .    (no cloak)
rCorr   .          Rampage  +    (no gloves)
Will    .....                    h - +0 pair of boots
Stlth   +                        (no amulet)
HPRegen 1.06/turn                g - ring of wizardry
MPRegen 0.11/turn                (no ring)

@: no status effects
A: fangs 2, regeneration 1, magic shield, antimagic bite, no potion heal 2
a: no special abilities


You were on level 4 of the Dungeon.
You visited 1 branch of the dungeon, and saw 4 of its levels.

You collected 214 gold pieces.

Inventory:

Hand Weapons
 a - a +0 flail
 j - a +0 battleaxe of electrocution
 l - a +0 whip of pain (weapon)
Armour
 c - a +0 buckler (worn)
 h - a +0 pair of boots (worn)
 k - the +0 ring mail "Bosaphan" (worn) {Rampage Int+2 Dex+2}
   (You found it on level 2 of the Dungeon)

   Int:       It affects your intelligence (+2).
   Dex:       It affects your dexterity (+2).
   Rampage:   It bestows one free step when moving towards enemies.
Jewellery
 g - a ring of wizardry (left hand)
Wands
 t - a wand of paralysis (6)
 u - a wand of flame (26)
Scrolls
 b - a scroll of noise {unknown}
 e - 11 scrolls of identify {unknown}
 f - a scroll of teleportation {unknown}
 m - a scroll of magic mapping {unknown}
 n - a scroll of amnesia {unknown}
 o - 2 scrolls of blinking {unknown}
Potions
 d - 3 potions of might
 i - 2 potions of degeneration {unknown}
 p - a potion of cancellation {unknown}
 q - a potion of magic {unknown}
 r - a potion of attraction {unknown}
 s - a potion of heal wounds {unknown}


   Skills:
 + Level 5.0 Fighting
 + Level 4.6 Maces & Flails
 - Level 2.4 Armour
 + Level 5.0 Shields


You had 6 spell levels left.
You didn't know any spells.
Your spell library contained the following spells:

 Spells                   Type           Power      Damage    Failure   Level
 Cigotuvi's Dreadful Rot  Necr/Pois/Air  0%         N/A       43%         2
 Vhi's Electric Charge    Tloc/Air       0%         N/A       65%         3
 Dispel Undead            Necr           0%         3d6       95%         4
 Arcjolt                  Conj/Air       0%         1d10      100%        5
 Death Channel            Necr           0%         N/A       100%        6
 Maxwell's Capacitive Co  Air            0%         ∞         100%        8


Dungeon Overview and Level Annotations

Branches:
Dungeon (4/15)
 Temple: D:4-7

Altars:
Zin

Shops:
D:4 [

Annotations:
D:4 1 transporter, pokeman's ghost, amateur DEHW


Innate Abilities, Weirdness & Mutations

You have extremely sharp teeth.
Your natural rate of healing is unusually fast.
When hurt, damage is shared between your health and your magic reserves.
Your bite disrupts and absorbs the magic of your enemies.
Potions cannot restore your health.


Message History

The gnolls pick up the pace!
You rampage towards the gnoll sergeant!
You hit the gnoll sergeant but do no damage.
Your bite misses the gnoll sergeant.
The gnoll sergeant is moderately wounded.
The gnoll bouda calls upon its god to heal the gnoll sergeant.
The gnoll sergeant is healed somewhat.
The gnoll sergeant hits you with a +1 heavy spear!
You hit the gnoll sergeant but do no damage.
You bite the gnoll sergeant, but do no damage.
The gnoll sergeant is lightly wounded.
You hit the gnoll sergeant but do no damage.
You bite the gnoll sergeant. You drain its power.
You feel invigorated.
The gnoll sergeant is moderately wounded.
The gnoll sergeant hits you with a +1 heavy spear!
You hit the gnoll sergeant.
The gnoll sergeant is moderately wounded.
The gnoll sergeant closely misses you.
You hit the gnoll sergeant.
The gnoll sergeant is severely wounded.
You hit the gnoll sergeant.
The gnoll sergeant is almost dead.
The gnoll sergeant hits you with a +1 heavy spear.
You barely miss the gnoll sergeant. Your bite misses the gnoll sergeant.
The gnoll sergeant is almost dead.
You closely miss the gnoll sergeant.
The gnoll sergeant is almost dead.
The gnoll sergeant hits you with a +1 heavy spear!
You hit the gnoll sergeant but do no damage.
The gnoll sergeant is almost dead.
The gnoll sergeant hits you with a +1 heavy spear!
* * * LOW HITPOINT WARNING * * *
You hit the gnoll sergeant but do no damage.
You bite the gnoll sergeant.
You kill the gnoll sergeant!
Your Shields skill increases to level 5!
Okay, then.
You barely miss the gnoll bouda. Your bite misses the gnoll bouda.
The gnoll bouda hits you with a +0 whip!
You die...

###8###...........#.#
#........#..###...#.#
#..<..#..#..##......#
#........#..###...#.#
#..∩........# ##.##..
#....###.#### #.##.#
#..>.....# #.##.)
##...##### ##'####
##8@# ##...#.. ##g###
##......# #g#.##
##......##
#....####......##.
######....)..'.....##..
#..g......####....##...
#.####.#.## ##..''.⌠.'
#.# ##### ##..##...
##.# ♣♣♣♣ ##..##..


You could see a gnoll bouda and a gnoll (swift).

Vanquished Creatures
  Sigmund (D:2)
  2 ogres
  A gnoll sergeant (D:4)
  An orc priest (D:4)
  Ijyb (D:4)
  Terence (D:3)
  Natasha (twice) (D:4)
  8 gnolls (D:4)
  4 adders
  2 worms
  2 dart slugs
  9 orcs
  3 ball pythons
  5 endoplasms
  3 giant cockroaches
  6 goblins
  4 hobgoblins
  6 quokkas
  7 bats
  5 kobolds
  3 rats
76 creatures vanquished.

Notes
Turn   | Place    | Note
-------+----------+-------------------------------------------
     0 | D:1      | hikkokomori the Vine Stalker Fighter began the quest for
                  | the Orb.
     0 | D:1      | Reached XP level 1. HP: 11/11 MP: 2/2
   162 | D:1      | Reached XP level 2. HP: 14/16 MP: 1/3
   905 | D:2      | Reached XP level 3. HP: 18/20 MP: 4/4
   995 | D:2      | Identified the +0 ring mail "Bosaphan" {Rampage Int+2
                  | Dex+2}
  1228 | D:2      | Noticed Sigmund
  1241 | D:2      | Killed Sigmund
  1242 | D:2      | Gained mutation: Your natural rate of healing is unusually
                  | fast. [Vine Stalker growth]
  1242 | D:2      | Reached XP level 4. HP: 18/25 MP: 3/5
  1242 | D:2      | Reached XP level 5. HP: 21/29 MP: 3/6
  1755 | D:3      | Noticed an ogre
  1760 | D:3      | Killed an ogre
  1761 | D:3      | Reached XP level 6. HP: 10/33 MP: 2/7
  1834 | D:3      | Found a glowing silver altar of Zin.
  1935 | D:3      | Noticed Terence
  1946 | D:3      | Killed Terence
  2476 | D:4      | Found Qeagye's Antique Armour Shoppe.
  2642 | D:4      | Reached XP level 7. HP: 20/38 MP: 2/8
  2797 | D:4      | Noticed Natasha
  2802 | D:4      | Killed Natasha
  2957 | D:4      | Found a transporter.
  2963 | D:4      | Noticed pokeman's ghost (amateur DEHW)
  3125 | D:4      | Identified the +9 dire flail of the Sky {heavy, rElec SInv}
  3154 | D:4      | Noticed Natasha
  3159 | D:4      | Killed Natasha
  3260 | D:4      | Noticed Ijyb
  3275 | D:4      | Killed Ijyb
  3545 | D:4      | Reached skill level 5 in Fighting
  3547 | D:4      | Found the +5 woodcutter's axe
  3582 | D:4      | HP: 1/39 [gnoll sergeant/+1 heavy spear (12)]
  3584 | D:4      | Reached skill level 5 in Shields
  3584 | D:4      | Slain by a gnoll bouda

Illustrated notes

Levels and vault maps discovered:
D:1:      dpeg_arrival_tiny_c, layout_loops_cross
D:2:      layout_basic, uniq_sigmund
D:3:      layout_loops_ring, zin_treasury, kennysheep_generic_room_2,
          uniq_terence
D:4:      layout_loops_corners, gammafunk_ghost_smash,
          nicolae_kite_square_tiling_tiny, grunt_decor_arrowhead,
          roderic_lattice_a, chequers_serial_rivers_room_a,
          nicolae_stop_n_shop_2, pf_guarded_unrand_woodcutter, uniq_ijyb,
          uniq_natasha

Skill      XL: |  1  2  3  4  5  6  7 |
---------------+----------------------+-----
Maces & Flails | 2 3 4 |  4.6
Shields        | 3 4 5 |  5.0
Fighting       | 3 4 5 |  5.0
Armour         | |  2.4

Action                     |  1- 3 |  4- 6 |  7- 9 || total
---------------------------+-------+-------+-------++-------
  Melee: Flail             |    72 |    25 |       ||    97
         Bite              |    12 |    26 |    42 ||    80
         Whip              |       |    65 |   109 ||   174
  Evoke: Wand              |       |       |     6 ||     6
 Armour: Scale mail        |    21 |       |       ||    21
         Ring mail         |     3 |    30 |    20 ||    53
  Dodge: Dodged            |    35 |    26 |    43 ||   104
  Block: Buckler           |    20 |    21 |    23 ||    64

Table legend: (Time is in decaauts)
 A = Elapsed time spent in this place.
 B = Non-inter-level travel time spent in this place.
 C = Inter-level travel time spent in this place.
 D = Time resting spent in this place.
 E = Time spent auto-exploring this place.
 F = Levels seen in this place.
 G = Mean time per level.
                   A        B        C        D        E       F      G
               +--------+--------+--------+--------+--------+-----+--------+
         Total |   3602 |   3488 |    114 |      6 |   2907 |   4 |  900.5 |
       Dungeon |   3602 |   3488 |    114 |      6 |   2907 |   4 |  900.5 |
               +--------+--------+--------+--------+--------+-----+--------+

Top non-repeatable levels by time:
     D:4: 1098 daAuts
     D:2: 973 daAuts
     D:1: 801 daAuts
     D:3: 728 daAuts
